 Dungeon Crawl Stone Soup version 0.21-a0-536-gdbbf329 (webtiles) character file.

37 Amnesiac the Vexing (level 3, -1/20 HPs)
             Began as a Deep Elf Arcane Marksman on Dec 14, 2017.
             Slain by a quokka (5 damage)
             ... on level 2 of the Dungeon.
             The game lasted 00:02:25 (921 turns).

Amnesiac the Vexing (Deep Elf Arcane Marksman)       Turns: 921, Time: 00:02:25

Health: -1/20      AC:  2    Str:  7    XL:     3   Next: 21%
Magic:  8/9        EV: 18    Int: 18    God:
Gold:   80         SH:  0    Dex: 15    Spells: 4/7 levels left

rFire    . . .     SeeInvis .   a - +0 shortbow
rCold    . . .     Gourm    .   (shield currently unavailable)
rNeg     . . .     Faith    .   e - +0 robe
rPois    .         Spirit   .   (no helmet)
rElec    .         Reflect  .   (no cloak)
rCorr    .         Harm     .   (no gloves)
MR       .....                  (no boots)
Stlth    +.........             g - amulet of inaccuracy (curse)
HPRegen  0.06/turn              k - +5 ring of evasion
MPRegen  0.11/turn              (no ring)

@: no status effects
A: no striking features
a: no special abilities


You were on level 2 of the Dungeon.
You were not hungry.

You visited 1 branch of the dungeon, and saw 2 of its levels.

You collected 80 gold pieces.

Inventory:

Hand Weapons
 a - a +0 shortbow (weapon)
 q - a +3 hunting sling
Missiles
 d - 6 arrows (quivered)
 i - 2 stones
 j - 18 poisoned needles
 o - 50 sling bullets
Armour
 e - a +0 robe (worn)
Jewellery
 g - a cursed amulet of inaccuracy (around neck)
 k - a +5 ring of evasion (left hand)
Scrolls
 m - a scroll of teleportation {!r}
 p - 4 scrolls of enchant armour {!r, unknown}
Potions
 b - a potion of curing {!q}
 l - 2 potions of degeneration {!q}
 n - 4 potions of brilliance {!q}
Books
 c - a book of Debilitation

   Spells                             Type                      Level
   a - Corona                         Hexes                        1
   b - Slow                           Hexes                        2
   c - Inner Flame                    Hexes/Fire                   3
   d - Portal Projectile              Hexes/Translocation          3
   e - Cause Fear                     Hexes                        4
   f - Leda's Liquefaction            Hexes/Earth                  4
Comestibles
 f - 2 bread rations
 h - 4 fruits


   Skills:
 - Level 0.7 Fighting
 - Level 2.1 Bows
 - Level 2.4 Dodging
 + Level 2.7 Spellcasting
 * Level 5.3 Hexes


You had 4 spell levels left.
You knew the following spells:

 Your Spells              Type           Power        Failure   Level  Hunger
a - Corona                Hex            ###....      1%          1    #......
e - Slow                  Hex            ###.....     2%          2    ##.....


Dungeon Overview and Level Annotations

Branches:
Dungeon (2/15)

Altars:


Message History

The worm is outlined in light.
Firing (i - inventory. (,) - cycle):
d - 13 arrows (quivered)
Press: ? - help, Shift-Dir - straight line, f/p - worm
Aim: a worm (softly glowing)
You shoot an arrow. The arrow hits the worm.
The worm is lightly wounded.
The worm bites you.
Firing (i - inventory. (,) - cycle):
d - 12 arrows (quivered)
Press: ? - help, Shift-Dir - straight line, f/p - worm
Aim: a worm (lightly wounded, softly glowing)
You shoot an arrow. The arrow hits the worm.
The worm is moderately wounded.
The worm bites you.
Firing (i - inventory. (,) - cycle):
d - 11 arrows (quivered)
Press: ? - help, Shift-Dir - straight line, f/p - worm
Aim: a worm (moderately wounded, softly glowing)
You shoot an arrow.
The arrow hits the worm but does no damage.
The worm is moderately wounded.
Firing (i - inventory. (,) - cycle):
d - 10 arrows (quivered)
Press: ? - help, Shift-Dir - straight line, f/p - worm
Aim: a worm (moderately wounded, softly glowing)
You shoot an arrow.
The arrow hits the worm but does no damage.
The worm is moderately wounded.
The worm closely misses you.
Firing (i - inventory. (,) - cycle):
d - 9 arrows (quivered)
Press: ? - help, Shift-Dir - straight line, f/p - worm
Aim: a worm (moderately wounded, softly glowing)
You shoot an arrow. The arrow hits the worm.
The worm is moderately wounded.
The worm completely misses you.
Firing (i - inventory. (,) - cycle):
d - 8 arrows (quivered)
Press: ? - help, Shift-Dir - straight line, f/p - worm
Aim: a worm (moderately wounded, softly glowing)
You shoot an arrow. The arrow hits the worm.
The worm is moderately wounded.
The worm bites you!
* * * LOW HITPOINT WARNING * * *
You are too injured to fight recklessly!
A worm comes into view.
The worm stops glowing.
Found a scroll labeled FYRAOR YRUMIAGH.
A quokka comes into view.
Found a bread ration.
A jackal comes into view.
Found a stone staircase leading down.
The quokka closely misses you. The quokka closely misses you.
Found a leather armour.
The quokka bites you.
* * * LOW HITPOINT WARNING * * *
Casting: Corona
Confirm with . or Enter, or press ? or * to list all spells.
Aiming: Corona
Press: ? - help, Shift-Dir - straight line, f/p - worm
Aim: a worm (chance to defeat MR: 68%)
The quokka is outlined in light.
The quokka completely misses you.
Firing (i - inventory. (,) - cycle):
d - 7 arrows (quivered)
Press: ? - help, Shift-Dir - straight line, f/p - worm
Aim: a worm You shoot an arrow.
The arrow closely misses the quokka.
The arrow closely misses the worm.
The quokka bites you.
You die...

#......#
###......###+#.
.......[.......
#.............
#.............
##.....>.......
...............
.......@#
#######r######
#..........
#w#.#######
#(.......###
#.w.........
#..#..%#.##
#..#.#.#.##
##..#......#


You could see 2 worms and a quokka.

Vanquished Creatures
  3 dart slugs (D:1)
  A leopard gecko (D:1)
  2 bats (D:1)
  6 giant cockroaches (D:1)
  2 goblins (D:1)
  4 hobgoblins (D:1)
  3 frilled lizards (D:1)
  3 kobolds (D:1)
  4 rats (D:1)
28 creatures vanquished.

Notes
Turn   | Place    | Note
-------+----------+-------------------------------------------
     0 | D:1      | Amnesiac the Deep Elf Arcane Marksman began the quest for the Orb.
     0 | D:1      | Reached XP level 1. HP: 11/11 MP: 5/5
   166 | D:1      | Reached XP level 2. HP: 16/16 MP: 4/7
   184 | D:1      | Learned a level 2 spell: Slow
   397 | D:1      | Reached skill level 5 in Hexes
   495 | D:1      | Reached XP level 3. HP: 20/20 MP: 6/8
   921 | D:2      | Slain by a quokka

Vault maps used:
D:1:      dpeg_arrival_tiny_c, minmay_octomino_c4
D:2:      first_bread, makhleb_heckhound_becter

Skill      XL: |  1  2 |
---------------+-------+-----
Spellcasting   | 2 |  2.7
Hexes          | 5 |  5.3
Fighting       | |  0.7
Bows           | |  2.1
Dodging        | |  2.4

Action                   || total
-------------------------++-------
 Fire: Shortbow          ||    81
 Cast: Corona            ||    23
  Use: Scroll            ||     4
Armor: Robe              ||     5
Dodge: Dodged            ||    32

Table legend:
 A = Spawn XP
 B = Non-spawn XP
 C = Spawn XP percentage of total XP
 D = Spawn monster count
 E = Non-spawn monster count
 F = Spawn count percentage of total count
 G = Total turns spent on level
                    A         B        C        D         E        F      G
               +---------+---------+-------+---------+---------+-------+---------
         Total |       0 |      53 |   0.0 |       0 |      28 |   0.0 |   921
               +---------+---------+-------+---------+---------+-------+---------
           D:1 |       0 |      53 |   0.0 |       0 |      28 |   0.0 |   891
               +---------+---------+-------+---------+---------+-------+---------
